 Dungeon Crawl Stone Soup version 0.30-a0-651-g0755cc6dcf (webtiles) character file.

Game seed: 4439114331376236890

1264 M4edhros the Cutter (level 8, -9/54 HPs)
             Began as an Octopode Artificer on Jan 17, 2023.
             Was an Elder of Zin.
             Mangled by a two-headed ogre
             ... wielding a +0 giant spiked club
              (23 damage)
             ... on level 9 of the Dungeon.
             The game lasted 00:06:25 (5090 turns).

M4edhros the Cutter (Octopode Artificer)            Turns: 5090, Time: 00:06:25

Health: -9/54      AC:  1    Str: 11    XL:     8   Next: 52%
Magic:  8/8        EV: 14    Int: 13    God:    Zin [****..]
Gold:   157        SH: 10    Dex: 21    Spells: 5/7 levels left

rFire   . . .      SeeInvis .    j - +4 short sword
rCold   . . .      Faith    .    t - +0 kite shield
rNeg    . . .      Spirit   .    (helmet restricted)
rPois   .          Reflect  .    (no amulet)
rElec   .          Harm     .    u - +6 ring of dexterity
rCorr   .          Rampage  .    (no ring)
Will    .....                    (no ring)
Stlth   ++++                     (no ring)
HPRegen 0.29/turn                (no ring)
MPRegen 0.11/turn                (no ring)
                                 (no ring)
                                 (no ring)

@: no status effects
A: almost no armour, amphibious, 8 rings, camouflage 1, gelatinous body 1,
(nimble swimmer 1), tentacles
a: Renounce Religion, Recite, Vitalisation, Imprison, Donate Gold


You were on level 9 of the Dungeon.
You worshipped Zin.
Zin was greatly pleased with you.
You visited 2 branches of the dungeon, and saw 9 of its levels.

You collected 374 gold pieces.
You spent 180 gold pieces at shops.
You donated 37 gold pieces to Zin.

Inventory:

Hand Weapons
 j - a +4 short sword (weapon)
Missiles
 k - a curare-tipped dart
Armour
 t - a +0 kite shield (worn)
Jewellery
 u - a +6 ring of dexterity (left tentacle)
Wands
 b - a wand of flame (25) (quivered)
 c - a wand of charming (11)
 d - a wand of iceblast (4)
 q - a wand of mindburst (5)
 y - a wand of paralysis (5)
Scrolls
 a - 3 scrolls of poison {unknown}
 f - 5 scrolls of identify {unknown}
 h - a scroll of blinking {unknown}
 i - 2 scrolls of teleportation {unknown}
 l - 2 scrolls of magic mapping {unknown}
 m - 2 scrolls of enchant armour {unknown}
 n - a scroll of immolation {unknown}
 o - 3 scrolls of vulnerability {unknown}
 r - a scroll of torment {unknown}
 x - 2 scrolls of amnesia {unknown}
Potions
 e - 2 potions of degeneration {unknown}
 g - 3 potions of attraction {unknown}
 p - 3 potions of haste {unknown}
 s - 2 potions of brilliance {unknown}
 v - a potion of curing {unknown}
 w - a potion of berserk rage {unknown}
 z - a potion of magic {unknown}
 A - 3 potions of heal wounds {unknown}
 B - a potion of mutation {unknown}


   Skills:
 + Level 3.9 Fighting
 * Level 4.7 Short Blades
 + Level 4.5 Dodging
 - Level 4.2 Stealth
 * Level 3.4 Shields
 - Level 2.5 Unarmed Combat
 + Level 2.4 Poison Magic
 - Level 4.5 Evocations


You had 5 spell levels left.
You knew the following spells:

 Your Spells              Type           Power      Damage    Failure   Level
a - Poisonous Vapours     Pois/Air       6%         N/A       65%         2

Your spell library contained the following spells:

 Spells                   Type           Power      Damage    Failure   Level
 Summon Small Mammal      Summ           0%         N/A       67%         1
 Cigotuvi's Dreadful Rot  Necr/Pois/Air  4%         N/A       71%         2
 Ignite Poison            Fire/Tmut/Pois 2%         N/A       91%         3
 Mephitic Cloud           Conj/Pois/Air  2%         N/A       91%         3
 Dazzling Flash           Conj/Hex       0%         N/A       96%         3
 Iron Shot                Conj/Erth      0%         9d1       100%        6
 Lehudib's Crystal Spear  Conj/Erth      0%         10d2      100%        8


Dungeon Overview and Level Annotations

Branches:
Dungeon (7/15)             Temple (1/1) D:6

Altars:
Ashenzari
Dithmenos
Fedhas
Gozag
Hepliaklqana
Kikubaaqudgha
Makhleb
Okawaru
Ru
Uskayaw
Yredelemnul
Zin
The Shining One

Shops:
D:3 *   D:4 *


Innate Abilities, Weirdness & Mutations

You cannot wear most types of armour.
You are amphibious.
You can wear up to eight rings at the same time.
Your skin changes colour to match your surroundings (Stealth+).
Your rubbery body absorbs attacks. (AC +1, EV +1)
((You are camouflaged when in or above water. (Stealth+)))
You have tentacles for arms and can constrict up to eight enemies at once.


Message History

Aim: a steam dragon (chance to affect: 60%)
The steam dragon resists with significant effort.
The steam dragon breathes steam at you. The ball of steam misses you.
You are engulfed in a cloud of scalding steam.
The steam dragon attacks as you move away!
The steam dragon bites you. The steam dragon barely misses you.
Aiming: Charm
Press: ? - help, Shift-Dir - straight line, f/p - steam dragon
Aim: a steam dragon (steam, chance to affect: 60%)
The steam dragon is charmed.
Something bites the two-headed ogre.
Something claws the two-headed ogre.
Your steam dragon barely misses the two-headed ogre.
Your steam dragon claws the two-headed ogre but does no damage.
The two-headed ogre closely misses your steam dragon.
The two-headed ogre hits your steam dragon with a +0 giant spiked club!
Something bites the two-headed ogre but does no damage.
Something claws the two-headed ogre.
The two-headed ogre attacks as you move away!
The two-headed ogre barely misses you. You block the two-headed ogre's attack.
The two-headed ogre attacks as you move away!
The two-headed ogre barely misses you. x2
Your steam dragon bites the two-headed ogre.
Your steam dragon claws the two-headed ogre.
The two-headed ogre attacks as you move away!
You block the two-headed ogre's attack.
The two-headed ogre hits you with a +0 giant spiked club!!
Ouch! That really hurt!
* * * LOW HITPOINT WARNING * * *
You see here 11 gold pieces.
Aiming: Paralyse
Press: ? - help, Shift-Dir - straight line, f - two-headed ogre
Aim: a two-headed ogre, wielding two +0 giant spiked clubs (moderately wounded, chance to affect: 42%)
The two-headed ogre resists with some effort.
Aiming: Paralyse
Press: ? - help, Shift-Dir - straight line, f/p - two-headed ogre
Aim: a two-headed ogre, wielding two +0 giant spiked clubs (moderately wounded, chance to affect: 42%)
The two-headed ogre resists with some effort.
The two-headed ogre hits you with a +0 giant spiked club!!
You die...

.#.....#..#..#..#.#..#.)#..#
#####.##..####..#.#..####..#
#.###..##..##.##..##..## #.#
#......#...#......# #.#
##....##...##....## #.#
##..##.....##..## #.#
####..#.#..#### #..
#.D#####..# #.O#@#?#..#
#..#O#.#..# ##...#...##
##.###.## ### ###


You could see a two-headed ogre.

Vanquished Creatures
  Psyche (D:9)
  A wyvern (D:9)
  An ogre (D:4)
  A phantom (D:5)
  A kobold brigand (D:5)
  2 bullfrogs (D:6)
  A necrophage (D:4)
  A scorpion (D:5)
  2 hounds
  2 jellies (D:5)
  An orc priest (D:5)
  3 orc wizards
  7 adders
  A white imp (D:6)
  An ufetubus (D:5)
  5 worms
  2 dart slugs (D:3)
  8 orcs
  6 bats
  4 endoplasms
  3 giant cockroaches
  5 goblins
  6 hobgoblins
  4 quokkas
  3 ball pythons
  3 frilled lizards
  7 kobolds
  5 rats
  A spectral kobold (D:5)
88 creatures vanquished.

Vanquished Creatures (others)
  A plant (D:3)
1 creature vanquished.

Grand Total: 89 creatures vanquished

Notes
Turn   | Place    | Note
-------+----------+-------------------------------------------
     0 | D:1      | M4edhros the Octopode Artificer began the quest for the
                  | Orb.
     0 | D:1      | Reached XP level 1. HP: 13/13 MP: 1/1
   308 | D:4      | Reached XP level 2. HP: 18/18 MP: 2/2
   309 | D:4      | Noticed a necrophage
   322 | D:4      | Reached skill level 1 in Unarmed Combat
   325 | D:4      | Killed a necrophage
   326 | D:4      | Reached XP level 3. HP: 24/24 MP: 3/3
   326 | D:4      | Reached XP level 4. HP: 29/29 MP: 4/4
   351 | D:4      | Noticed a kobold brigand
   365 | D:5      | Entered Level 5 of the Dungeon
   379 | D:5      | Noticed a scorpion
   417 | D:5      | Killed a kobold brigand
   418 | D:5      | Reached XP level 5. HP: 13/34 MP: 5/5
   672 | D:6      | Found a staircase to the Ecumenical Temple.
   687 | Temple   | Entered the Ecumenical Temple
   725 | Temple   | Became a worshipper of Zin the Law-Giver
   830 | D:5      | Reached skill level 1 in Short Blades
   867 | D:5      | Reached XP level 6. HP: 36/41 MP: 6/6
   955 | D:5      | Reached * piety under Zin
  1252 | D:1      | Found a faded altar of an unknown god.
  1258 | D:1      | Got Plato's Quarto of the Comitatus
  1270 | D:1      | Reached ** piety under Zin
  2023 | D:2      | Reached *** piety under Zin
  2275 | D:2      | Reached XP level 7. HP: 45/45 MP: 7/7
  2745 | D:3      | Found Varr's Assorted Antiques.
  2757 | D:3      | Bought a kite shield for 85 gold pieces
  2757 | D:3      | Bought a glowing glass ring for 95 gold pieces
  2962 | D:4      | Found Tiured's Overcharged Wands.
  3295 | D:4      | Reached skill level 1 in Shields
  3299 | D:4      | Learned a level 2 spell: Poisonous Vapours
  3775 | D:5      | Found a hide-covered altar of Uskayaw.
  3775 | D:5      | Found an iron altar of Okawaru.
  3829 | D:5      | Found a hazy altar of Hepliaklqana.
  3934 | D:5      | Got the Precepts of Disgusting Forces
  4120 | D:6      | Reached **** piety under Zin
  4263 | D:6      | Reached skill level 1 in Poison Magic
  4578 | D:6      | Reached XP level 8. HP: 46/52 MP: 8/8
  4691 | D:7      | You fall into a shaft and drop 2 floors!
  4707 | D:9      | Found a glowing golden altar of the Shining One.
  4739 | D:9      | Noticed Psyche
  4746 | D:9      | Killed Psyche
  4930 | D:9      | Noticed a wyvern
  4958 | D:9      | Killed a wyvern
  5064 | D:9      | Noticed a two-headed ogre
  5090 | D:9      | Mangled by a two-headed ogre

Illustrated notes

Levels and vault maps discovered:
D:1:      sevenhm_arrival_forest_fort_large_2, layout_loops_ring,
          shapermc_ecumenical_altar_rom_forum
D:2:      layout_loops_ring, corexii_item_surrounded_by_moat
D:3:      layout_basic, serial_shops, shop, hangedman_glass_garden
D:4:      layout_cave_pools, nicolae_overflow_hidden_temple,
          nicolae_shop_overcharged_wands
D:5:      layout_loops_ring, nicolae_hepliaklqana_monster_ancestors,
          nicolae_overflow_two_pavilions, kennysheep_generic_room_7
D:6:      layout_gridville, minmay_temple_entry_statues
D:7:      layout_basic, pdpol_wu_jian_five_deadly_venoms,
          nicolae_sif_muna_little_library
D:9:      layout_loops_ring, mainiacjoe_overflow_tiny_flanked, minitemple,
          david_lair_shrubbed, minmay_puff, uniq_psyche
Temple:   nicolae_temple_cloud_nine

Skill      XL: |  1  2  3  4  5  6  7  8 |
---------------+-------------------------+-----
Unarmed Combat | 2 |  2.5
Stealth        | 2 3 4 |  4.2
Fighting       | 2 3 |  3.9
Dodging        | 3 4 |  4.5
Evocations     | 4 |  4.5
Short Blades   | 1 2 3 4 |  4.7
Shields        | 2 3 |  3.4
Poison Magic   | 1 2 |  2.4

Action                   |  1- 3 |  4- 6 |  7- 9 || total
-------------------------+-------+-------+-------++-------
Melee: Unarmed           |    29 |    11 |       ||    40
       Tentacles         |     8 |    12 |    25 ||    45
       Constrict         |     7 |    13 |    23 ||    43
       Short sword       |       |    61 |    91 ||   152
       Punch             |       |     1 |       ||     1
Evoke: Wand              |     4 |     2 |     9 ||    15
 Stab: Sleeping          |     5 |    18 |    11 ||    34
Armor: Skin              |     5 |     3 |     3 ||    11
Dodge: Dodged            |    27 |    28 |    45 ||   100
Block: Kite shield       |       |       |    19 ||    19

Table legend: (Time is in decaauts)
 A = Elapsed time spent in this place.
 B = Non-inter-level travel time spent in this place.
 C = Inter-level travel time spent in this place.
 D = Time resting spent in this place.
 E = Time spent auto-exploring this place.
 F = Levels seen in this place.
 G = Mean time per level.
                   A        B        C        D        E       F      G
               +--------+--------+--------+--------+--------+-----+--------+
         Total |   5081 |   4850 |    231 |    140 |   3636 |   9 |  564.6 |
       Dungeon |   5037 |   4812 |    225 |    140 |   3636 |   8 |  629.6 |
        Temple |     44 |     38 |      6 |      0 |      0 |   1 |   44.0 |
               +--------+--------+--------+--------+--------+-----+--------+

Top non-repeatable levels by time:
     D:5: 1003 daAuts
     D:6: 934 daAuts
     D:1: 906 daAuts
     D:3: 643 daAuts
     D:2: 611 daAuts
     D:4: 538 daAuts
     D:9: 398 daAuts
  Temple: 44 daAuts
     D:7: 0 daAuts
